Map: Ancient Cistern LE

Players

PtitDrogo - Winner!

  • Race: Protoss Protoss
  • Spawn Location: 1:00

trigger

  • Race: Protoss Protoss
  • Spawn Location: 7:00

Event: ESL SC2 Masters 2023 Summer (Finals)

VOD

Have the link to the VOD?

Description

Time

  • Played on: June 16, 2023, 11:53 a.m.
  • Length: 15:09

All games in this series

Show
View Real Time Build Order
Export as new Build Order

PtitDrogo Protoss - Winner!

Build Orders: Oracle Opening 

Get SALT Encoding   

  12  0:00  Probe  
  13  0:12  Probe  
  14  0:17  Pylon  
  14  0:24  Probe (Chrono Boost)  
  15  0:35  Gateway  
  15  0:36  Probe (Chrono Boost)  
  15  0:42  Assimilator  
  16  0:46  Probe (Chrono Boost)  
  17  0:52  Probe (Chrono Boost)  
  17  0:55  Assimilator  
  18  1:05  Probe (Chrono Boost)  
  18  1:07  Gateway  
  19  1:13  Probe (Chrono Boost)  
  20  1:19  Probe  
  20  1:23  Cybernetics Core  
  21  1:31  Probe  
  22  1:34  Pylon  
  22  1:43  Probe  
  23  1:55  Probe  
  23  1:59  Stalker  
  23  2:00  Adept, Warp Gate  
  28  2:10  Pylon  
  28  2:21  Stargate  
  28  2:24  Probe  
  28  2:29  Stalker  
  31  2:36  Stalker  
  33  2:37  Probe  
  34  3:01  Nexus  
  34  3:05  Probe  
  35  3:09  Oracle (Chrono Boost)  
  38  3:21  Probe  
  38  3:23  Pylon  
  39  3:33  Probe  
  38  3:38  Oracle (Chrono Boost)  
  41  3:49  Stalker x2  
  41  3:51  Probe  
  45  4:00  Pylon  
  45  4:10  Probe (Chrono Boost)  
  45  4:14  Probe (Chrono Boost)  
  47  4:17  Stalker  
  47  4:18  Stalker  
  47  4:22  Probe (Chrono Boost)  
  52  4:27  Probe (Chrono Boost)  
  52  4:30  Probe (Chrono Boost)  
  54  4:34  Probe, Twilight Council  
  55  4:40  Probe  
  56  4:46  Probe  
  57  4:53  Probe  
  57  4:58  Probe  
  59  5:00  Shield Battery  
  59  5:01  Gateway  
  59  5:02  Gateway  
  59  5:05  Probe  
  59  5:06  Blink (Chrono Boost)  
  60  5:11  Probe  
  61  5:17  Probe  
  61  5:20  Assimilator  
  62  5:22  Pylon  
  62  5:23  Probe  
  63  5:28  Pylon, Stalker  
  63  5:30  Stalker  
  67  5:36  Probe x2  
  68  5:56  Stalker x4  
  76  6:01  Pylon  
  73  6:20  Stalker x3  
  73  6:21  Stalker  
  73  6:24  Probe  
  81  6:28  Probe  
  81  6:30  Pylon  
  82  6:36  Probe  
  82  6:38  Robotics Facility  
  83  6:44  Stalker x3  
  89  6:48  Probe x2  
  89  6:49  Stalker  
  83  7:02  Probe, Pylon  
  83  7:07  Stalker x3  
  83  7:08  Probe  
  90  7:15  Nexus  
  90  7:19  Probe  
  90  7:20  Probe  
  92  7:30  Stalker x3  
  92  7:31  Probe  
  92  7:32  Stalker  
  101  7:42  Probe  
  101  7:43  Probe  
  103  7:53  Stalker x3  
  103  7:54  Probe  
  103  7:56  Pylon  
  110  7:59  Pylon  
  110  8:14  Probe x2, Observer (Chrono Boost)  
  110  8:19  Stalker x2  
  115  8:26  Probe, Stalker  
  118  8:27  Shield Battery  
  118  8:29  Probe  
  119  8:34  Stalker  
  119  8:38  Gateway  
  119  8:39  Gateway  
  121  8:43  Forge, Assimilator  
  114  8:52  Stalker x3  
  96  9:05  Probe  
  91  9:10  Stalker  
  91  9:12  Charge (Chrono Boost)  
  87  9:18  Warp Prism (Chrono Boost)  
  87  9:20  Protoss Ground Weapons Level 1 (Chrono Boost)  
  89  9:24  Gateway  
  89  9:28  Nexus  
  89  9:30  Pylon  
  89  9:31  Gateway  
  89  9:33  Pylon  
  89  9:38  Stalker x3  
  93  9:41  Stalker  
  97  9:47  Stalker  
  97  9:49  Stalker  
  101  9:52  Shield Battery  
  101  9:57  Probe x3  
  104  10:01  Stalker x2  
  104  10:05  Stalker  
  110  10:09  Gateway  
  110  10:10  Gateway  
  110  10:15  Pylon  
  110  10:20  Stalker x2  
  114  10:29  Probe  
  114  10:32  Stalker x4  
  123  10:38  Zealot x2  
  127  10:44  Probe x3, Assimilator  
  127  10:48  Stalker  
  127  10:49  Stalker  
  134  10:57  Probe x2  
  134  10:58  Probe x2  
  134  11:00  Stalker  
  138  11:05  Observer  
  138  11:09  Probe  
  138  11:10  Probe, Stalker x4  
  148  11:14  Photon Cannon  
  144  11:27  Zealot x6  
  156  11:34  Gateway  
  156  11:35  Gateway  
  152  11:49  Stalker x6  
  152  11:50  Protoss Ground Weapons Level 2 (Chrono Boost)  
  144  12:03  Stalker x4  
  152  12:12  Stalker x3  
  149  12:24  Stalker x3  
  149  12:26  Zealot x2  
  145  12:30  Zealot x3  
  127  12:45  Zealot, Stalker x3  
  135  12:58  Stalker x2  
  135  12:59  Zealot x4  
  135  13:03  Stalker  
  135  13:04  Nexus  
  149  13:07  Pylon  
  149  13:13  Stalker x4  
  156  13:25  Stalker x5  
  164  13:35  Stalker x3  
  164  13:37  Shield Battery  
  170  13:42  Zealot x4  
  172  14:00  Zealot x7  
  164  14:15  Stalker x4  
  164  14:16  Stalker  
  152  14:21  Zealot x3  
  142  14:25  Zealot x3  
  142  14:30  Stalker  
  142  14:40  Stalker x4  
  138  14:53  Stalker x5  
  138  15:01  Stalker x3  
Show
View Real Time Build Order
Export as new Build Order

trigger Protoss 

Build Orders: Oracle Opening 

Get SALT Encoding   

  12  0:00  Probe  
  13  0:12  Probe  
  14  0:16  Pylon  
  14  0:24  Probe (Chrono Boost)  
  16  0:36  Probe (Chrono Boost)  
  16  0:37  Gateway  
  16  0:43  Probe (Chrono Boost)  
  16  0:45  Assimilator  
  17  0:50  Probe  
  17  0:54  Assimilator  
  18  1:03  Probe (Chrono Boost)  
  19  1:07  Gateway  
  19  1:13  Probe (Chrono Boost)  
  20  1:18  Probe  
  20  1:25  Cybernetics Core  
  21  1:30  Probe  
  22  1:39  Pylon  
  22  1:42  Probe  
  23  1:57  Probe  
  24  2:01  Stargate  
  24  2:05  Adept, Warp Gate  
  26  2:11  Stalker  
  28  2:19  Probe  
  28  2:22  Pylon  
  29  2:31  Probe  
  29  2:36  Stalker  
  31  2:43  Oracle (Chrono Boost)  
  34  3:06  Shield Battery  
  34  3:08  Stalker x2  
  34  3:10  Probe  
  39  3:26  Nexus  
  39  3:35  Pylon  
  39  3:42  Twilight Council  
  39  3:53  Probe  
  40  4:01  Stalker  
  42  4:05  Probe  
  42  4:09  Blink (Chrono Boost)  
  43  4:14  Gateway  
  43  4:17  Probe  
  44  4:30  Pylon  
  44  4:38  Probe x2  
  45  4:39  Stalker  
  45  4:42  Stalker  
  50  4:51  Probe  
  50  4:52  Probe  
  52  5:03  Probe, Pylon, Stalker  
  52  5:04  Probe  
  56  5:08  Stalker  
  56  5:13  Stalker  
  60  5:18  Probe  
  60  5:19  Probe  
  62  5:24  Gateway  
  62  5:29  Stalker  
  62  5:31  Probe  
  62  5:32  Probe  
  66  5:35  Pylon  
  66  5:41  Stalker  
  68  5:45  Stalker  
  70  5:53  Probe, Assimilator  
  71  5:58  Stalker  
  71  5:59  Probe  
  71  6:02  Pylon  
  71  6:04  Stalker  
  74  6:12  Stalker  
  74  6:13  Probe  
  74  6:14  Probe  
  75  6:25  Probe  
  76  6:27  Probe  
  76  6:29  Forge  
  76  6:31  Stalker x2  
  81  6:33  Stalker  
  81  6:37  Probe  
  84  6:43  Stalker  
  86  6:48  Pylon  
  76  7:02  Probe  
  76  7:05  Stalker x3  
  76  7:06  Protoss Ground Weapons Level 1 (Chrono Boost)  
  80  7:08  Stalker  
  80  7:09  Probe  
  80  7:14  Probe  
  78  7:19  Pylon  
  78  7:21  Probe  
  79  7:26  Probe  
  79  7:28  Stalker x2  
  79  7:29  Stalker  
  86  7:33  Stalker  
  86  7:35  Probe  
  85  7:44  Probe  
  85  7:47  Nexus  
  84  7:57  Pylon  
  84  8:00  Probe x2, Shield Battery  
  84  8:02  Stalker  
  88  8:06  Stalker  
  88  8:11  Shield Battery  
  88  8:13  Probe  
  88  8:19  Stalker  
  91  8:23  Probe  
  92  8:27  Stalker  
  92  8:30  Stalker  
  92  8:31  Probe  
  97  8:35  Probe  
  97  8:41  Gateway  
  97  8:42  Robotics Facility  
  93  8:48  Stalker  
  93  8:54  Stalker  
  93  8:55  Probe  
  88  8:59  Probe  
  77  9:03  Stalker  
  77  9:07  Probe, Protoss Ground Weapons Level 2 (Chrono Boost)  
  72  9:11  Probe  
  72  9:14  Stalker  
  72  9:15  Probe  
  74  9:19  Probe  
  74  9:23  Stalker, Assimilator  
  77  9:25  Gateway  
  77  9:26  Stalker  
  77  9:30  Observer (Chrono Boost)  
  80  9:37  Stalker  
  82  9:38  Gateway  
  82  9:40  Stalker  
  82  9:41  Pylon  
  82  9:43  Observer (Chrono Boost), Assimilator  
  85  9:47  Stalker  
  85  9:49  Probe x2  
  85  9:50  Probe  
  90  9:53  Stalker  
  90  9:59  Pylon  
  92  10:00  Stalker  
  92  10:05  Stalker  
  96  10:11  Stalker  
  98  10:15  Pylon  
  98  10:17  Stalker  
  98  10:20  Stalker  
  102  10:26  Stalker  
  103  10:33  Stalker  
  103  10:34  Stalker x2  
  109  10:38  Photon Cannon  
  109  10:43  Stalker x2  
  109  10:47  Probe  
  114  10:51  Stalker  
  114  10:53  Pylon  
  116  11:00  Stalker x3  
  122  11:09  Stalker x2  
  126  11:14  Nexus  
  126  11:15  Stalker  
  126  11:19  Gateway  
  121  11:26  Protoss Ground Armor Level 1 (Chrono Boost), Stalker x3  
  121  11:32  Stalker x2  
  131  11:42  Stalker  
  133  11:50  Stalker x3  
  133  11:53  Pylon  
  136  11:54  Pylon  
  136  11:57  Pylon  
  136  12:01  Stalker  
  130  12:06  Stalker  
  130  12:07  Stalker  
  134  12:12  Gateway  
  134  12:15  Stalker x2, Assimilator  
  134  12:16  Stalker  
  130  12:24  Stalker  
  121  12:32  Stalker x3  
  115  12:40  Stalker x3  
  119  12:48  Photon Cannon  
  119  12:49  Observer  
  119  12:50  Stalker  
  121  12:58  Stalker x3  
  128  13:04  Stalker x3  
  134  13:10  Stalker  
  136  13:17  Pylon  
  136  13:19  Stalker  
  135  13:30  Stalker x4  
  141  13:40  Stalker  
  143  13:43  Stalker  
  145  13:52  Stalker x2  
  146  13:56  Zealot x2  
  146  14:00  Zealot  
  130  14:05  Stalker  
  130  14:08  Stalker x2  
  108  14:18  Stalker x2  
  100  14:27  Stalker  
  100  14:30  Stalker x2  
  84  14:54  Stalker x3  
  82  15:01  Stalker  
  82  15:05  Stalker  
Tags
 
Add a new tag
Caveats
  • Supply blocks, unpowered buildings, or Contaminate may cause inaccurate times.
  • Supply counts are checked every 10 seconds.